 Dungeon Crawl Stone Soup version 0.29-a0-1008-g949cc1d0fb (webtiles) character file.

Game seed: 15064929627350052965

2021 Manisian the Gusty (level 9, -3/48 HPs)
             Began as a Tengu Venom Mage on Aug 7, 2022.
             Was an Initiate of Fedhas.
             Slain by an ogre
             ... wielding a +0 giant club
              (20 damage)
             ... on level 7 of the Dungeon.
             The game lasted 00:20:38 (9634 turns).

Manisian the Gusty (Tengu Venom Mage)               Turns: 9634, Time: 00:20:38

Health: -3/48      AC:  2    Str:  9    XL:     9   Next: 23%
Magic:  12/27      EV: 15    Int: 19    God:    Fedhas [......]
Gold:   429        SH:  5    Dex: 15    Spells: 1/19 levels left

rFire   . . .      SeeInvis .   u - +1 whip (vamp)
rCold   . . .      Faith    .   (no shield)
rNeg    . . .      Spirit   .   a - +0 robe
rPois   .          Reflect  +   (helmet restricted)
rElec   .          Harm     .   (no cloak)
rCorr   .          Rampage  .   (no gloves)
Will    +....                   (boots unavailable)
Stlth   +++.......              d - amulet of reflection
HPRegen 0.16/turn               p - ring of willpower
MPRegen 0.20/turn               e - ring of magical power

@: wereblooded, flying quickly and evasively, quick
A: beak, talons 3, nimble flight
a: Renounce Religion


You were on level 7 of the Dungeon.
You worshipped Fedhas.
Fedhas was noncommittal.
You visited 2 branches of the dungeon, and saw 8 of its levels.

You collected 1079 gold pieces.
You spent 650 gold pieces at shops.

Inventory:

Hand Weapons
 s - a +1 mace
 u - a +1 vampiric whip (weapon)
 B - a +0 whip of freezing
Missiles
 c - 22 poisoned darts
Armour
 a - a +0 robe (worn)
 h - a +0 pair of boots
Magical Staves
 q - a staff of fire
Jewellery
 d - an amulet of reflection (around neck)
 e - a ring of magical power (right hand)
 f - a ring of flight
 p - a ring of willpower (left hand)
 v - an amulet of the acrobat
 y - a ring of fire
Scrolls
 i - a scroll of teleportation
 k - 2 scrolls of magic mapping
 z - a scroll of identify
 A - a scroll of fear
 D - a scroll of silence {unknown}
 E - a scroll of amnesia
 F - a scroll of poison
Potions
 b - 3 potions of magic
 g - 2 potions of flight
 j - 2 potions of might
 l - 3 potions of curing
 m - 3 potions of mutation
 n - a potion of heal wounds
 o - a potion of berserk rage
 r - a potion of lignification
 t - 2 potions of brilliance
 w - 2 potions of resistance {unknown}
 x - 3 potions of degeneration
 C - 3 potions of haste {unknown}


   Skills:
 + Level 1.9 Fighting
 + Level 3.8 Maces & Flails
 + Level 3.0 Dodging
 + Level 3.7 Stealth
 + Level 1.5 Shields
 + Level 5.7 Spellcasting
 + Level 0.2 Conjurations
 + Level 2.5 Transmutations
 + Level 6.4 Air Magic
 + Level 6.4 Poison Magic


You had one spell level left.
You knew the following spells:

 Your Spells              Type           Power      Damage    Failure   Level
a - Sting                 Tmut/Pois      88%        1d7       1%          1
b - Poisonous Vapours     Pois/Air       60%        N/A       1%          2
c - Mephitic Cloud        Conj/Pois/Air  22%        N/A       5%          3
d - Olgreb's Toxic Radia  Pois           30%        N/A       8%          4
e - Swiftness             Air            29%        N/A       2%          3
f - Spider Form           Tmut/Pois      22%        N/A       5%          3
g - Wereblood             Tmut           14%        N/A       6%          2

Your spell library contained the following spells:

 Spells                   Type           Power      Damage    Failure   Level
 Beastly Appendage        Tmut           28%        N/A       4%          1
 Passwall                 Tmut/Erth      8%         N/A       11%         2
 Ensorcelled Hibernation  Hex/Ice        10%        N/A       17%         2
 Dazzling Flash           Conj/Hex       10%        N/A       32%         3
 Confusing Touch          Hex            5%         N/A       34%         3
 Tukima's Dance           Hex            5%         N/A       34%         3
 Fulminant Prism          Conj/Hex       2%         3d6       73%         4
 Iskenderun's Mystic Bla  Conj/Tloc      5%         2d3       73%         4
 Yara's Violent Unravell  Hex/Tmut       5%         3d4       88%         5
 Lee's Rapid Deconstruct  Erth           2%         3d6*      97%         5
 Starburst                Conj/Fire      2%         6d3       100%        6


Dungeon Overview and Level Annotations

Branches:
Dungeon (7/15)             Temple (1/1) D:6

Altars:
Ashenzari
Cheibriados
Dithmenos
Elyvilon
Fedhas
Gozag
Hepliaklqana
Kikubaaqudgha
Makhleb
Nemelex Xobeh
Okawaru
Qazlal
Ru
Uskayaw
Vehumet
Wu Jian
Xom
Yredelemnul
Zin

Shops:
D:1 =


Innate Abilities, Weirdness & Mutations

You have a beak for a mouth.
You have claws for feet.
Your magical nature lets you fly swiftly and evasively.


Message History

Casting: Sting (safe; 1% risk of failure)
Confirm with . or Enter, or press ? or * to list all spells.
Aiming: Poisonous Vapours (safe; 1% risk of failure)
Press: ? - help, Dir - move target, f - water moccasin, p - ogre
Aim: a water moccasin The water moccasin cannot be affected by poisonous vapours!
Unknown command.
Casting: Poisonous Vapours (safe; 1% risk of failure)
Confirm with . or Enter, or press ? or * to list all spells.
Aiming: Poisonous Vapours (safe; 1% risk of failure)
Press: ? - help, Dir - move target, f - gnoll sergeant, p - water moccasin
Aim: a gnoll sergeant, wielding a +0 spear, wearing a +0 scale mail and wearing a +0 buckler (heavily wounded, poisoned) Poisonous vapours surround the gnoll sergeant!
The gnoll sergeant looks even sicker.
You howl as the wereblood boils in your veins!
Your primal bloodlust is almost over.
The ogre misses you.
Casting: Poisonous Vapours (safe; 1% risk of failure)
Confirm with . or Enter, or press ? or * to list all spells.
Aiming: Poisonous Vapours (safe; 1% risk of failure)
Press: ? - help, Dir - move target, f/p - gnoll sergeant
Aim: a gnoll sergeant, wielding a +0 spear, wearing a +0 scale mail and wearing a +0 buckler (heavily wounded, very poisoned) Poisonous vapours surround the gnoll sergeant!
The gnoll sergeant looks as sick as possible!
The ogre completely misses you.
You howl as the wereblood boils in your veins!
Casting: Poisonous Vapours (safe; 1% risk of failure)
Confirm with . or Enter, or press ? or * to list all spells.
Aiming: Sting (safe; 1% risk of failure)
Press: ? - help, Shift-Dir - straight line, f - ogre, p - gnoll sergeant
Aim: an ogre, wielding a +0 giant club (heavily wounded, poisoned, 89% to hit)
The sting hits the ogre but does no damage.
The ogre looks even sicker.
The ogre is heavily wounded.
Casting: Sting (safe; 1% risk of failure)
Confirm with . or Enter, or press ? or * to list all spells.
Your blood is freshly infused with primal strength!
The ogre hits you with a +0 giant club!!
You die...
Fedhas appreciates your contribution to the ecosystem.

.....PP...P..#
........8.P..#
...........P.#
#........P..#
#..........#
.#.....g.).# ........+
.#....))###############
##.....(g.SO@........#
#.#################.# #
#.# #.# #.# #.# #.# #.#
#.#


You could see a water moccasin, an ogre (very poisoned) and a gnoll sergeant
(very poisoned).

Vanquished Creatures
  Pikel (D:6)
  Prince Ribbit (D:5)
  A black bear (D:6)
  2 ogres
  A lemure (D:6)
  2 phantoms
  A kobold brigand (D:6)
  A necrophage (D:6)
  2 scorpions
  3 hounds
  A jelly (D:4)
  5 orc priests
  A gnoll bouda (D:4)
  An orc wizard (D:6)
  5 iguanas
  15 gnolls
  4 adders
  A shadow imp (D:5)
  A white imp (D:6)
  An ufetubus (D:4)
  A worm (D:3)
  18 orcs
  2 bats (D:1)
  12 endoplasms
  4 giant cockroaches
  9 goblins
  3 hobgoblins (D:1)
  3 quokkas
  3 ball pythons
  2 frilled lizards
  12 kobolds
  5 rats
124 creatures vanquished.

Vanquished Creatures (others)
  8 fungi (D:7)
8 creatures vanquished.

Grand Total: 132 creatures vanquished

Notes
Turn   | Place    | Note
-------+----------+-------------------------------------------
     0 | D:1      | Manisian the Tengu Venom Mage began the quest for the Orb.
     0 | D:1      | Reached XP level 1. HP: 10/10 MP: 4/4
   314 | D:1      | Reached XP level 2. HP: 15/15 MP: 3/6
   317 | D:1      | Learned a level 2 spell: Poisonous Vapours
   376 | D:1      | Found a faded altar of an unknown god.
   466 | D:1      | Found Geq Nuof's Jewellery Emporium.
   749 | D:1      | Reached skill level 1 in Transmutations
  1087 | D:1      | Reached XP level 3. HP: 19/19 MP: 0/7
  1091 | D:1      | Learned a level 3 spell: Mephitic Cloud
  2602 | D:3      | Identified a scroll of acquirement
  2602 | D:3      | Acquired 733 gold pieces
  2661 | D:1      | Bought an amulet of reflection for 390 gold pieces
  2661 | D:1      | Bought a ring of magical power for 260 gold pieces
  2854 | D:3      | Reached skill level 1 in Air Magic
  2854 | D:3      | Reached XP level 4. HP: 17/24 MP: 5/9
  3904 | D:3      | Got Sif Muna's Compilation of Malediction
  4081 | D:4      | Noticed a scorpion
  4242 | D:4      | Gained mutation: Your magical nature lets you fly swiftly
                  | and evasively. [Tengu growth]
  4242 | D:4      | Reached XP level 5. HP: 28/28 MP: 10/10
  4248 | D:4      | Learned a level 4 spell: Olgreb's Toxic Radiance
  4267 | D:4      | Reached skill level 1 in Maces & Flails
  4567 | D:4      | Reached XP level 6. HP: 21/32 MP: 11/11
  4956 | D:4      | Found a large runed translucent door.
  4957 | D:4      | Found a large runed translucent door.
  5830 | D:4      | Found an ancient bone altar of Kikubaaqudgha.
  5841 | D:4      | Found a shadowy altar of Dithmenos.
  5921 | D:5      | Entered Level 5 of the Dungeon
  5924 | D:5      | Noticed Prince Ribbit
  5955 | D:5      | Reached XP level 7. HP: 36/36 MP: 13/13
  6003 | D:5      | Killed Prince Ribbit
  6264 | D:5      | Reached skill level 1 in Shields
  6264 | D:5      | Reached skill level 5 in Poison Magic
  6325 | D:5      | Reached skill level 1 in Fighting
  6325 | D:5      | Reached XP level 8. HP: 40/43 MP: 13/15
  7019 | D:6      | Reached skill level 5 in Air Magic
  7023 | D:6      | Learned a level 3 spell: Swiftness
  7448 | D:6      | Found a stormy altar of Qazlal.
  7735 | D:6      | Noticed Pikel
  7777 | D:6      | Killed Pikel
  7778 | D:6      | Reached skill level 5 in Spellcasting
  7778 | D:6      | Reached XP level 9. HP: 31/48 MP: 18/18
  8061 | D:6      | Found a staircase to the Ecumenical Temple.
  9365 | Temple   | Entered the Ecumenical Temple
  9524 | Temple   | Became a worshipper of Fedhas Madash
  9543 | D:6      | Learned a level 3 spell: Spider Form
  9546 | D:6      | Learned a level 2 spell: Wereblood
  9634 | D:7      | Slain by an ogre

Illustrated notes

Levels and vault maps discovered:
D:1:      minmay_arrival_five_plusses, layout_loops_cross, serial_shops,
          nicolae_shop_statue_plus, shapermc_ecumenical_altar_acropolis,
          minivault_5
D:2:      layout_loops_ring
D:3:      layout_basic, chequers_avenue, hangedman_decor_points, grunt_decor_cap
D:4:      layout_loops_cross, jmf_multi_god_temple2
D:5:      layout_rooms, uniq_prince_ribbit1
D:6:      layout_layer_cave, grunt_qazlal_sundering, temple_statues, uniq_pikel
D:7:      layout_basic, dreamdust_mushroom_princess
Temple:   nicolae_temple_bog_church

Skill      XL: |  1  2  3  4  5  6  7  8  9 |
---------------+----------------------------+-----
Transmutations | 1 2 |  2.5
Air Magic      | 1 3 4 5 6 |  6.4
Spellcasting   | 3 4 5 |  5.7
Poison Magic   | 4 5 6 |  6.4
Maces & Flails | 1 2 3 |  3.8
Stealth        | 3 |  3.7
Shields        | 1 |  1.5
Fighting       | 1 |  1.9
Dodging        | 3 |  3.0
Conjurations   | |  0.2

Action                   |  1- 3 |  4- 6 |  7- 9 || total
-------------------------+-------+-------+-------++-------
Melee: Unarmed           |     7 |       |       ||     7
       Mace              |    12 |     8 |       ||    20
       Kick              |     4 |    17 |    45 ||    66
       Peck              |     1 |     9 |    34 ||    44
       Whip              |       |    55 |   129 ||   184
       Punch             |       |       |     5 ||     5
 Cast: Sting             |    39 |    49 |    40 ||   128
       Poisonous Vapours |    36 |    45 |    73 ||   154
       Mephitic Cloud    |       |       |     2 ||     2
       Wereblood         |       |       |     2 ||     2
  Use: Scroll            |    15 |     5 |     1 ||    21
       Potion            |       |       |     2 ||     2
 Stab: Sleeping          |     1 |     1 |     1 ||     3
       Confused          |       |       |     1 ||     1
Armor: Robe              |     7 |     7 |     8 ||    22
Dodge: Dodged            |    18 |    37 |    85 ||   140
Block: Other             |       |    24 |    33 ||    57
       Reflection        |       |       |     4 ||     4

Table legend: (Time is in decaauts)
 A = Elapsed time spent in this place.
 B = Non-inter-level travel time spent in this place.
 C = Inter-level travel time spent in this place.
 D = Time resting spent in this place.
 E = Time spent auto-exploring this place.
 F = Levels seen in this place.
 G = Mean time per level.
                   A        B        C        D        E       F      G
               +--------+--------+--------+--------+--------+-----+--------+
         Total |   9356 |   8708 |    648 |    120 |   7461 |   8 | 1169.5 |
       Dungeon |   9201 |   8581 |    620 |    120 |   7347 |   7 | 1314.4 |
        Temple |    155 |    127 |     28 |      0 |    113 |   1 |  155.0 |
               +--------+--------+--------+--------+--------+-----+--------+

Top non-repeatable levels by time:
     D:6: 2431 daAuts
     D:3: 1737 daAuts
     D:1: 1640 daAuts
     D:4: 1484 daAuts
     D:2: 1147 daAuts
     D:5: 685 daAuts
  Temple: 155 daAuts
     D:7: 75 daAuts
